 Dungeon Crawl Stone Soup version 0.30-a0-23-ge60ba3568b (webtiles) character file.

Game seed: 106645309885404147

16 Sobieck the Sneak (level 2, -1/15 HPs)
             Began as a Vine Stalker Brigand on Aug 24, 2022.
             Slain by a goblin
             ... wielding a +0 club
              (2 damage)
             ... on level 1 of the Dungeon.
             The game lasted 00:00:30 (429 turns).

Sobieck the Sneak (Vine Stalker Brigand)             Turns: 429, Time: 00:00:31

Health: -1/15      AC:  3    Str: 13    XL:     2   Next: 54%
Magic:  0/3        EV: 11    Int: 11    God:
Gold:   0          SH:  0    Dex: 15    Spells: 1/1 levels left

rFire   . . .      SeeInvis .    a - +2 dagger {short}
rCold   . . .      Faith    .    (no shield)
rNeg    . . .      Spirit   +    b - +0 robe
rPois   .          Reflect  .    (no helmet)
rElec   .          Harm     .    c - +0 cloak
rCorr   .          Rampage  .    (no gloves)
Will    .....                    (no boots)
Stlth   +++.......               (no amulet)
HPRegen 0.05/turn                (no ring)
MPRegen 0.08/turn                (no ring)

@: no status effects
A: fangs 2, magic shield, antimagic bite, no potion heal 2
a: no special abilities


You were on level 1 of the Dungeon.
You visited 1 branch of the dungeon, and saw 1 of its levels.


Innate Abilities, Weirdness & Mutations

You have extremely sharp teeth.
When hurt, damage is shared between your health and your magic reserves.
Your bite disrupts and absorbs the magic of your enemies.
Potions cannot restore your health.


   Skills:
 - Level 1.7 Fighting
 + Level 2.8 Short Blades
 - Level 1.7 Throwing
 - Level 0.7 Dodging
 - Level 4.8 Stealth


You had one spell level left.
You didn't know any spells.
Your spell library was empty.

Inventory:

Hand Weapons
 a - a +2 dagger (weapon) {short}
Missiles
 d - 9 poisoned darts (quivered) {throwing}
 e - 3 curare-tipped darts {=fthrowing}
 f - 7 stones {throwing}
Armour
 b - a +0 robe (worn)
 c - a +0 cloak (worn)

Dungeon Overview and Level Annotations

Branches:
Dungeon (1/15) Zot: 5574

Altars:

.. ..............# #...
...........(......# #...
.....##...........###...
.....#............##....
.............)....##....
#................##....
#.........[............
#....††)..............#
#....g@.########......#
#....)l.# #......#
#.......# ####...#
#.......# #...#
#.......# #...#
#.......# #...#
#.......# #.......#


You could see a goblin and a frilled lizard.


Message History

You hit the quokka. The frilled lizard barely misses you.
The quokka completely misses you.
You hit the quokka.
You kill the quokka!
The frilled lizard bites you but does no damage.
You have reached level 2!
You hit the frilled lizard.
You kill the frilled lizard!
The rat misses you.
You hit the rat.
You kill the rat!
No target in view!
No target in view!
A frilled lizard comes into view.
You see here a +0 leather armour.
Danger!
A jackal comes into view.
The frilled lizard hisses angrily.
A bat comes into view.
A goblin comes into view. It is wielding a +0 dagger.
Unknown command.
You hit the bat.
The jackal barks!
You hear a bark!
The bat hits you but does no damage. x2; The frilled lizard closely misses you.
You barely miss the bat. The bat hits you but does no damage.
A jackal comes into view.
You barely miss the frilled lizard. The bat barely misses you.
The frilled lizard bites you.
You miss the bat. You bite the bat.
You kill the bat!
The frilled lizard barely misses you.
You hit the goblin. Your bite misses the goblin.
The frilled lizard hisses.
The frilled lizard barely misses you. The goblin hits you with a +0 dagger.
The jackal barely misses you.
You closely miss the goblin. The frilled lizard barely misses you.
The goblin hits you but does no damage. The jackal barely misses you.
You hit the goblin.
You kill the goblin!
The jackal closely misses you. The frilled lizard barely misses you.
A goblin comes into view. It is wielding a +0 club.
A jackal comes into view.
The goblin shouts!
You hit the jackal. The jackal bites you. The jackal barely misses you.
The frilled lizard bites you but does no damage.
The jackal closely misses you.
A jackal comes into view.
The jackal barks!
You hit the jackal but do no damage. Your bite misses the jackal.
You hear a shout!
The jackal bites you but does no damage. x2
A goblin comes into view. It is wielding a +1 dagger of flaming.
The jackal closely misses you. The frilled lizard closely misses you.
You hit the jackal.
You kill the jackal!
The jackal bites you but does no damage.
The frilled lizard closely misses you.
You closely miss the jackal. The jackal bites you.
You hit the jackal. The jackal bites you.
The frilled lizard closely misses you. The jackal closely misses you.
You hit the jackal.
You kill the jackal!
The frilled lizard bites you but does no damage.
The jackal barely misses you.
You hit the jackal. Your bite misses the jackal. The jackal bites you. x2
The frilled lizard closely misses you.
You are too injured to fight recklessly!
You are too injured to fight recklessly!
You are too injured to fight recklessly!
You closely miss the jackal. You bite the jackal. You drain its power.
You feel invigorated. The jackal barely misses you.
The jackal closely misses you. The frilled lizard barely misses you.
You closely miss the jackal. You bite the jackal. You drain its power.
You feel invigorated. The jackal barely misses you.
The jackal closely misses you. The frilled lizard misses you.
The goblin hits you with a +0 club.
* * * LOW HITPOINT WARNING * * *
The jackal bites you.
* * * LOW HITPOINT WARNING * * *
You hit the jackal.
You kill the jackal!
The jackal bites you but does no damage.
Unknown command.
You hit the goblin.
You kill the goblin!
The frilled lizard barely misses you. The goblin hits you with a +0 club.
* * * LOW HITPOINT WARNING * * *
The jackal barely misses you.
Unknown command.
You hit the goblin but do no damage. You bite the goblin, but do no damage.
The frilled lizard bites you.
* * * LOW HITPOINT WARNING * * *
The jackal misses you. The goblin hits you but does no damage.
Unknown command.
You hit the jackal.
You kill the jackal!
The frilled lizard bites you.
* * * LOW HITPOINT WARNING * * *
The goblin hits you with a +0 club.
You die...

Skill      XL: |  1 |
---------------+----+-----
Short Blades   | 2 |  2.8
Fighting       | |  1.7
Throwing       | |  1.7
Dodging        | |  0.7
Stealth        | |  4.8

Action                   || total
-------------------------++-------
Melee: Dagger            ||    38
       Bite              ||     5
       Punch             ||     1
Armor: Robe              ||    18
Dodge: Dodged            ||    43

Levels and vault maps discovered:
D:1:      dpeg_arrival_simpleton_a, layout_basic,
          shapermc_ecumenical_altar_pompeii, minmay_lizard_king

Notes
Turn   | Place    | Note
-------+----------+-------------------------------------------
     0 | D:1      | Sobieck the Vine Stalker Brigand began the quest for the
                  | Orb.
     0 | D:1      | Reached XP level 1. HP: 11/11 MP: 2/2
    56 | D:1      | Reached skill level 2 in Short Blades
    59 | D:1      | HP: 1/11 [jackal (2)]
   401 | D:1      | Reached XP level 2. HP: 15/15 MP: 3/3
   427 | D:1      | HP: 3/15 [goblin/+0 club (1)]
   429 | D:1      | HP: 1/15 [frilled lizard (1)]
   429 | D:1      | Slain by a goblin

Vanquished Creatures
  A bat (D:1)
  An endoplasm (D:1)
  3 goblins (D:1)
  6 jackals (D:1)
  A quokka (D:1)
  A frilled lizard (D:1)
  A rat (D:1)
14 creatures vanquished.

Table legend:
 A = Non-vault XP
 B = Vault XP
 C = Vault XP percentage of total XP
 D = Non-vault monster count
 E = Vault monster count
 F = Vault count percentage of total count
                 A         B        C        D         E       F
            +---------+---------+-------+---------+---------+-------
      Total |      25 |       0 |   0.0 |      14 |       0 |   0.0
            +---------+---------+-------+---------+---------+-------
        D:1 |      25 |       0 |   0.0 |      14 |       0 |   0.0
            +---------+---------+-------+---------+---------+-------

Illustrated notes

Table legend:
 A = Kills in this place as a percentage of kills in entire the game.
 B = Kills by you in this place as a percentage of kills by you in the entire game.
 C = Kills by friends in this place as a percentage of kills by friends in the entire game.
 D = Other kills in this place as a percentage of other kills in the entire game.
 E = Experience gained in this place as a percentage of experience gained in the entire game.
 F = Experience gained in this place divided by the number of levels of this place that you have seen.
                   A       B       C       D       E      F
               +-------+-------+-------+-------+-------+----------------------
         Total | 100.0 | 100.0 |   N/A |   N/A | 100.0 |  25.0
       Dungeon | 100.0 | 100.0 |   N/A |   N/A | 100.0 |  25.0
               +-------+-------+-------+-------+-------+----------------------

Table legend: (Time is in decaauts)
 A = Elapsed time spent in this place.
 B = Non-inter-level travel time spent in this place.
 C = Inter-level travel time spent in this place.
 D = Time resting spent in this place.
 E = Time spent auto-exploring this place.
 F = Levels seen in this place.
 G = Mean time per level.
                   A        B        C        D        E       F      G
               +--------+--------+--------+--------+--------+-----+--------+
         Total |    424 |    424 |      0 |    221 |    146 |   1 |  424.0 |
       Dungeon |    424 |    424 |      0 |    221 |    146 |   1 |  424.0 |
               +--------+--------+--------+--------+--------+-----+--------+

Top non-repeatable levels by time:
     D:1: 424 daAuts
